 Dungeon Crawl Stone Soup version 0.28-a0-1152-g9c71ebef14 (webtiles) character file.

Game seed: 15227809448332645142

342 spaghetti the Skirmisher (level 6, -6/55 HPs)
             Began as a Mummy Delver on Dec 14, 2021.
             Mangled by a scorpion (7 damage)
             ... on level 4 of the Dungeon.
             The game lasted 00:06:36 (2875 turns).

spaghetti the Skirmisher (Mummy Delver)             Turns: 2875, Time: 00:06:36

Health: -6/55      AC:  3    Str: 17    XL:     6   Next: 30%
Magic:  0/6        EV: 11    Int: 10    God:
Gold:   51         SH:  0    Dex: 13    Spells: 5/5 levels left

rFire   x . .      SeeInvis .   a - +0 falchion {long}
rCold   + . .      Faith    .   (no shield)
rNeg    + + +      Spirit   +   b - +0 leather armour
rPois   ∞          Reflect  .   (no helmet)
rElec   .          Harm     .   (no cloak)
rCorr   .          Rampage  .   (no gloves)
Will    .....                   (no boots)
Stlth   ++........              g - amulet of guardian spirit
HPRegen 0.18/turn               (no ring)
MPRegen 0.10/turn               (no ring)

@: no status effects
A: cold resistance 1, negative energy resistance 3, torment resistance 2, heat
vulnerability 1, no potions
a: no special abilities


You were on level 4 of the Dungeon.
You visited 1 branch of the dungeon, and saw 4 of its levels.

You collected 51 gold pieces.


Innate Abilities, Weirdness & Mutations

You are immune to poison.
Your flesh is cold resistant. (rC+)
You are immune to negative energy. (rN+++)
You are immune to unholy pain and torment.
You are vulnerable to heat. (rF-)
You do not drink.


   Skills:
 + Level 7.2 Fighting
 - Level 1.5 Long Blades
 - Level 1.5 Dodging
 - Level 4.1 Stealth


You had 5 spell levels left.
You didn't know any spells.
Your spell library was empty.

Inventory:

Hand Weapons
 a - a +0 falchion (weapon) {long}
Missiles
 d - 10 stones (quivered) {throwing}
Armour
 b - a +0 leather armour (worn)
Magical Staves
 h - a staff of death {!astaff}
   (You found it on level 4 of the Dungeon)
Jewellery
 g - an amulet of guardian spirit (around neck)
   (You found it on level 5 of the Dungeon)
 i - a ring of wizardry
   (You found it on level 7 of the Dungeon)
Wands
 f - a wand of digging (1)
Scrolls
 e - a scroll of identify {@r1}

Dungeon Overview and Level Annotations

Branches:
Dungeon (7/15)
 Temple: D:4-7

Altars:
The Shining One

Shops:
D:4

= *,* ##.#.........# *,*
##K##......$..# *,*
##g###.........# *,* ##.##
#.........* *,* ##K##
#........,* *,* #g##
##.......** *,* #h#
*....(.,* *,* #s# *,,,,,,,*
*,* ***#@#**** *,,,,,,,*
*,* *#≈§§§§§≈≈#**,,,,,,,*
*,* *#≈≈§§O§§.≈≈#*,,,,,,,*
*,* *#≈≈...≈§§..≈≈#*,,,,,,*
*,**#≈§.?..≈≈....≈≈**,,****
*,**§§....§≈≈.....§≈**,*
*,*≈§§.....≈≈......≈≈*,*
*,*≈§....§§≈§≈.....,≈*,*
*,*≈,,,,,≈≈≈≈≈≈,,,,,≈*,*


You could see a black bear, an ogre and a scorpion.


Message History

😨 HP[-16] MP[-1]
You take 16 damage, and now have 26/55 hp.
MASSIVE DAMAGE!! (PAUSE)
You lost 1 mp, and now have 2/6 mp.
Unknown command.
Unknown command.
Okay, then.
Okay, then.
Unknown command.
You can't drink.
The black bear bites you.
* * * LOW HITPOINT WARNING * * *
The black bear claws you.
* * * LOW HITPOINT WARNING * * *
The black bear claws you.
* * * LOW HITPOINT WARNING * * *
😨 HP[-10]
You take 10 damage, and now have 16/55 hp.
Unknown command.
Unknown command.
Unknown command. 😨 HP[+1]
Found an escape hatch in the ceiling.
The scorpion misses you.
A kobold comes into view.
It is wielding a +0 short sword. 😨 MP[+1]
A hobgoblin comes into view. 😨 HP[+1]
Okay, then.
Unknown command.
The kobold shouts!
The hobgoblin shouts!
The scorpion stings you.
* * * LOW HITPOINT WARNING * * *
😱 HP[-6]
You take 6 damage, and now have 12/55 hp.
Unknown command.
Aiming: Dig
Press: ? - help, Shift-Dir - straight line A rock wall.
The rock shatters into small pieces.
The black bear completely misses you. The black bear barely misses you.
The black bear closely misses you. The scorpion closely misses you.
The scorpion stings you but does no damage.
Okay, then.
Unknown command. 😱 HP[+1] 😱 MP[+1]
The scorpion closely misses you.
Okay, then.
Unknown command.
Okay, then.
You can't drink.
Aiming: Dig
Press: ? - help, Shift-Dir - straight line A rock wall.
The rock shatters into small pieces.
The scorpion barely misses you. 😨 HP[+1]
You can't drink.
Okay, then.
Unknown command.
Unknown command.
You completely miss the scorpion. The scorpion stings you.
* * * LOW HITPOINT WARNING * * *
The scorpion stings you.
* * * LOW HITPOINT WARNING * * *
😱 HP[-5]
You take 5 damage, and now have 9/55 hp.
Unknown command.
Unknown command.
Unknown command.
You hit the scorpion. The scorpion stings you.
* * * LOW HITPOINT WARNING * * *
😱 HP[-2]
You take 2 damage, and now have 7/55 hp.
Unknown command.
Unknown command.
Unknown command.
As you read the scroll of fog, it crumbles to dust.
The scroll dissolves into smoke.
The scorpion stings you but does no damage.
Unknown command.
Unknown command.
Unknown command.
You hit the scorpion. The scorpion stings you.
* * * LOW HITPOINT WARNING * * *
The scorpion closely misses you. 😱 HP[-1]
You take 1 damage, and now have 6/55 hp.
Unknown command.
Unknown command.
You hit the scorpion. The scorpion stings you.
* * * LOW HITPOINT WARNING * * *
😱 HP[-1]
You take 1 damage, and now have 5/55 hp.
Unknown command.
Unknown command.
Unknown command.
You hit the scorpion but do no damage. The scorpion stings you!
* * * LOW HITPOINT WARNING * * *
The scorpion stings you!
You die...

Skill      XL: |  1  2  3  4  5 |
---------------+----------------+-----
Fighting       | 4 5 7 |  7.2
Long Blades    | |  1.5
Dodging        | |  1.5
Stealth        | |  4.1

Action                   |  1- 3 |  4- 6 || total
-------------------------+-------+-------++-------
Melee: Falchion          |    42 |    96 ||   138
Throw: Stone             |       |    25 ||    25
       Dart              |       |     4 ||     4
Evoke: Wand              |     4 |     5 ||     9
  Use: Scroll            |     3 |     3 ||     6
 Stab: Sleeping          |     2 |     2 ||     4
Armor: Leather armour    |     7 |    30 ||    37
Dodge: Dodged            |    29 |   111 ||   140

Levels and vault maps discovered:
D:4:      layout_basic, nicolae_tso_swordbearing_angel,
          minmay_shop_enchanted_jewellery, kennysheep_cross_room,
          minmay_curled_crystal
D:5:      layout_layer_cave, nicolae_vehumet_altar_sigil
D:6:      layout_basic, nicolae_qazlal_general_emergency, nrook_mini_vaults
D:7:      layout_layer_cave, nicolae_gozag_seed_capital,
          minmay_temple_entry_glass, serial_shops,
          nicolae_shop_advertising_works [nicolae_subvault_shop_adworks],
          hellmonk_guarded_unrand_gong, uniq_duvessa

Notes
Turn   | Place    | Note
-------+----------+-------------------------------------------
     0 | D:5      | spaghetti the Mummy Delver began the quest for the Orb.
     0 | D:5      | Reached XP level 1. HP: 18/18 MP: 1/1
     0 | D:5      | magus.rc [v1.9.6]
    70 | D:5      | HP: 4/18 [white imp/puff of frost (6)]
   326 | D:4      | Reached XP level 2. HP: 9/25 MP: 2/2
   507 | D:4      | Reached skill level 4 in Fighting
   507 | D:4      | Reached XP level 3. HP: 11/31 MP: 3/3
  1023 | D:4      | Found Hauzudil's Jewellery Boutique.
  1075 | D:4      | HP: 6/31 [bullfrog skeleton (5)]
  1077 | D:4      | Reached skill level 5 in Fighting
  1077 | D:4      | Reached XP level 4. HP: 8/39 MP: 4/4
  1083 | D:4      | Noticed a scorpion
  1093 | D:5      | HP: 5/39 [water moccasin zombie (5)]
  1104 | D:5      | HP: 1/40 [dart slug/slug dart (5)]
  1558 | D:5      | Noticed a necrophage
  1579 | D:5      | Reached XP level 5. HP: 26/46 MP: 5/5
  1586 | D:5      | Killed a necrophage
  1587 | D:5      | Reached skill level 6 in Fighting
  1953 | D:6      | Noticed a necrophage
  2242 | D:7      | Reached skill level 7 in Fighting
  2242 | D:7      | Reached XP level 6. HP: 19/55 MP: 4/6
  2485 | D:4      | HP: 13/55 [ufetubus (2)]
  2857 | D:4      | HP: 12/55 [scorpion (6)]
  2870 | D:4      | HP: 11/55 [scorpion (3)]
  2874 | D:4      | HP: 5/55 [scorpion (1)]
  2875 | D:4      | HP: 1/55 [scorpion (4)]
  2875 | D:4      | Mangled by a scorpion

Vanquished Creatures
  A necrophage (D:5)
  A kobold brigand (D:7)
  A water moccasin zombie (D:5)
  2 hounds
  A bullfrog skeleton (D:4)
  An adder (D:5)
  A shadow imp (D:4)
  A white imp (D:5)
  2 ufetubi
  An adder skeleton (D:4)
  2 dart slugs
  8 kobolds
  A ball python (D:4)
23 creatures vanquished.

Table legend:
 A = Non-vault XP
 B = Vault XP
 C = Vault XP percentage of total XP
 D = Non-vault monster count
 E = Vault monster count
 F = Vault count percentage of total count
                 A         B        C        D         E       F
            +---------+---------+-------+---------+---------+-------
      Total |     489 |       0 |   0.0 |      23 |       0 |   0.0
            +---------+---------+-------+---------+---------+-------
        D:4 |     113 |       0 |   0.0 |       8 |       0 |   0.0
        D:5 |     265 |       0 |   0.0 |       7 |       0 |   0.0
        D:7 |     111 |       0 |   0.0 |       8 |       0 |   0.0
            +---------+---------+-------+---------+---------+-------

Illustrated notes

Table legend:
 A = Kills in this place as a percentage of kills in entire the game.
 B = Kills by you in this place as a percentage of kills by you in the entire game.
 C = Kills by friends in this place as a percentage of kills by friends in the entire game.
 D = Other kills in this place as a percentage of other kills in the entire game.
 E = Experience gained in this place as a percentage of experience gained in the entire game.
 F = Experience gained in this place divided by the number of levels of this place that you have seen.
                   A       B       C       D       E      F
               +-------+-------+-------+-------+-------+----------------------
         Total | 100.0 | 100.0 |   N/A |   N/A | 100.0 | 122.2
       Dungeon | 100.0 | 100.0 |   N/A |   N/A | 100.0 | 122.2
               +-------+-------+-------+-------+-------+----------------------

Table legend: (Time is in decaauts)
 A = Elapsed time spent in this place.
 B = Non-inter-level travel time spent in this place.
 C = Inter-level travel time spent in this place.
 D = Time resting spent in this place.
 E = Time spent auto-exploring this place.
 F = Levels seen in this place.
 G = Mean time per level.
                   A        B        C        D        E       F      G
               +--------+--------+--------+--------+--------+-----+--------+
         Total |   2909 |   2881 |     28 |   1458 |    837 |   4 |  727.2 |
       Dungeon |   2909 |   2881 |     28 |   1458 |    837 |   4 |  727.2 |
               +--------+--------+--------+--------+--------+-----+--------+

Top non-repeatable levels by time:
     D:4: 1198 daAuts
     D:5: 1189 daAuts
     D:7: 459 daAuts
     D:6: 61 daAuts
